 Dungeon Crawl Stone Soup version 0.32-a0-32-g978bd80 (webtiles) character file.

Game seed: 3637707103319197808

40009 Dawnplanks the Stormcaller (level 14, -11/82 HPs)
             Began as a Tengu Air Elementalist on Jan 20, 2024.
             Was a High Priest of Vehumet.
             Killed from afar by an acid blob (24 damage)
             ... with a splash of acid
             ... on level 4 of the Lair of Beasts.
             The game lasted 01:06:47 (20092 turns).

Dawnplanks the Stormcaller (TeAE)                  Turns: 20092, Time: 01:06:47

Health: -11/82     AC: -2    Str:  5    XL:     14   Next: 9%
Magic:  9/32       EV: 20    Int: 28    God:    Vehumet [*****.]
Gold:   184        SH:  0    Dex: 15    Spells: 12/40 levels left

rFire   . . .        L - staff of conjuration
rCold   + . .        F - orb of Truth {*channel, rC+ Will+ Str-3 Int+5}
rNeg    . . .        a - +0 robe
rPois   +            (helmet restricted)
rElec   .            e - +2 cloak
rCorr   .            h - +0 pair of gloves
SInv    .            (boots unavailable)
Will    ++...        y - amulet of regeneration
Stlth   ++           t - ring of poison resistance
HPRegen 1.13/turn    (no ring)
MPRegen 0.23/turn

%: acrobat, clarity, channel magic (20%)
@: corroded, flying
A: beak, talons 3, evasive flight, acrobatic, clarity, clever 1, screaming 1
a: Renounce Religion


You were on level 4 of the Lair of Beasts.
You worshipped Vehumet.
Vehumet was extremely pleased with you.
You visited 3 branches of the dungeon, and saw 17 of its levels.

You collected 1071 gold pieces.
You spent 887 gold pieces at shops.

Inventory:

Hand Weapons
 B - the +7 hand axe of Famine {heavy, rC+}
   (You found it on level 7 of the Dungeon)

   rC+:       It protects you from cold.
Missiles
 m - 3 throwing nets
Armour
 a - a +0 robe (worn)
 e - a +2 cloak (worn)
 h - a +0 pair of gloves (worn)
 q - the orb of Ybadedeor {mayhem, rF- Int+7 SInv}
   (You took it off a wight on level 9 of the Dungeon)

   Int+7:     It affects your intelligence (+7).
   rF-:       It makes you vulnerable to fire.
   SInv:      It lets you see invisible.
 F - the orb of Truth (worn) {*channel, rC+ Will+ Str-3 Int+5}
   (You bought it in a shop on level 8 of the Dungeon)

   Str-3:     It affects your strength (-3).
   Int+5:     It affects your intelligence (+5).
   rC+:       It protects you from cold.
   Will+:     It increases your willpower.
 H - a +0 leather armour of cold resistance
Magical Staves
 L - a staff of conjuration (weapon)
Jewellery
 i - a ring of ice
 t - a ring of poison resistance (left hand)
 y - an amulet of regeneration (around neck)
Wands
 n - a wand of quicksilver (7)
 u - a wand of digging (15)
 A - a wand of charming (21)
 J - a wand of roots (3)
Scrolls
 f - 7 scrolls of teleportation {unknown}
 l - 2 scrolls of vulnerability
 o - 3 scrolls of noise
 p - 4 scrolls of enchant weapon {unknown}
 r - 5 scrolls of blinking {unknown}
 w - 3 scrolls of poison
 C - 7 scrolls of fog
 D - 3 scrolls of enchant armour {unknown}
 K - a scroll of torment
 N - a scroll of immolation
 O - a scroll of revelation
 P - a scroll of amnesia {unknown}
Potions
 c - 5 potions of enlightenment {unknown}
 d - 2 potions of haste {unknown}
 g - 2 potions of ambrosia
 j - 2 potions of lignification
 k - 3 potions of attraction
 s - 3 potions of might
 v - 4 potions of curing
 x - 2 potions of mutation
 z - 2 potions of heal wounds
 E - a potion of cancellation
 G - a potion of invisibility
 I - a potion of resistance
 M - 2 potions of brilliance
Miscellaneous
 b - a phantom mirror


   Skills:
 * Level 7.4 Fighting
 * Level 8.7 Dodging
 - Level 2.0 Stealth
 + Level 13.6 Spellcasting
 + Level 9.7 Conjurations
 + Level 0.3 Ice Magic
 + Level 18.3 Air Magic
 + Level 0.7 Alchemy


You had 12 spell levels left.
You knew the following spells:

 Your Spells              Type           Power      Damage    Failure   Level
a - Shock                 Conj/Air       100%       1d9       1%          1
b - Static Discharge      Conj/Air       100%       3-8/arc   1%          2
c - Swiftness             Air            89%        N/A       1%          3
d - Airstrike             Air            44%        2d(7-23)  1%          4
e - Searing Ray           Conj           100%       2d8       1%          2
f - Mercury Vapours       Alch/Air       100%       N/A       1%          2
g - Mephitic Cloud        Conj/Alch/Air  83%        N/A       1%          3
h - Hailstorm             Conj/Ice       63%        3d12      1%          3
i - Arcjolt               Conj/Air       49%        1d59      1%          5
j - Ozocubu's Armour      Ice            20%        N/A       21%         3

Your spell library contained the following spells:

 Spells                   Type           Power      Damage    Failure   Level
 Sting                    Conj/Alch      100%       1d9       1%          1
 Stone Arrow              Conj/Erth      100%       3d13      1%          3
 Freeze                   Ice            80%        1d9       2%          1
 Sandblast                Erth           38%        2d10      2%          1
 Brom's Barrelling Bould  Conj/Erth      62%        2d8       3%          4
 Flame Wave               Conj/Fire      62%        2d14      3%          4
 Frozen Ramparts          Ice            40%        1d7       5%          3
 Inner Flame              Hex/Fire       19%        N/A       6%          3
 Irradiate                Conj/Alch      32%        3d22      6%          5
 Silence                  Hex/Air        31%        N/A       8%          5
 Apportation              Tloc           38%        N/A       10%         1
 Necrotise                Necr           76%        1d7       10%         1
 Summon Small Mammal      Summ           76%        N/A       10%         1
 Olgreb's Toxic Radiance  Alch           23%        N/A       12%         4
 Ensorcelled Hibernation  Hex/Ice        38%        N/A       13%         2
 Sticky Flame             Fire/Alch      21%        2d6       13%         4
 Summon Ice Beast         Ice/Summ       19%        N/A       21%         3
 Passwall                 Erth           19%        N/A       22%         3
 Passage of Golubria      Tloc           19%        N/A       50%         4
 Metabolic Englaciation   Hex/Ice        9%         N/A       78%         5
 Sculpt Simulacrum        Ice/Alch       11%        N/A       99%         6
 Lehudib's Crystal Spear  Conj/Erth      31%        10d8      99%         8
 Ignition                 Fire           9%         3d5       100%        8


Dungeon Overview and Level Annotations

Branches:
Dungeon (11/15)            Temple (1/1) D:5            Lair (5/5) D:11
 Shoals (0/4) Lair:2        Snake (0/4) Lair:2        Slime (0/5) Lair:4
    Orc: D:9-12

Altars:
Ashenzari
Cheibriados
Dithmenos
Elyvilon
Fedhas
Gozag
Hepliaklqana
Kikubaaqudgha
Makhleb
Nemelex Xobeh
Okawaru
Qazlal
Ru
Sif Muna
Trog
Uskayaw
Vehumet
Wu Jian
Xom
Yredelemnul
Zin
The Shining One

Shops:
D:5 ?(   D:8 *[:*

Annotations:
D:4 2 transporters, cinnamon's ghost, weakling DECj
D:7 2 transporters, cpf86's ghost, novice OnSh
D:10 1 runed translucent door


Innate Abilities, Weirdness & Mutations

You have a beak for a mouth.
You have claws for feet.
Your magical flight helps you evade attacks. (EV +4)
You can magically evade attacks while moving or waiting.
You possess an exceptional clarity of mind.
Your mind is acute. (Int +4, Str/Dex -1)
You occasionally shout uncontrollably at your foes.


Message History

The slime creature is heavily wounded.
Casting: Arcjolt (dangerous; 1% risk of failure)
Confirm with . or Enter, or press ? or * to list all spells.
You feel a surge of power!
Electricity surges outward!
The acid blob is struck by an electric surge.
The acid blob is lightly wounded.
The slime creature is struck by an electric surge!!!
You kill the slime creature!
Vehumet accepts your kill.
You feel your power returning. The acid blob spits acid at you.
The splash of acid hits you! The acid corrodes you!
The acid blob jiggles.
The acid blob spits acid at you. The splash of acid hits you!!
The acid corrodes you!
Casting: Arcjolt (dangerous; 1% risk of failure)
Confirm with . or Enter, or press ? or * to list all spells.
You feel a surge of power!
Electricity surges outward!
The acid blob is struck by an electric surge!
The acid blob is lightly wounded.
The acid blob spits acid at you. The splash of acid misses you.
Casting: Arcjolt (dangerous; 1% risk of failure)
Confirm with . or Enter, or press ? or * to list all spells.
You feel a surge of power!
Electricity surges outward!
The acid blob is struck by an electric surge!!!
The acid blob is severely wounded.
Magical energy flows into your mind! The acid blob hits you!!
* * * LOW HITPOINT WARNING * * *
You are splashed with acid!
* * * LOW HITPOINT WARNING * * *
Casting: Arcjolt (dangerous; 1% risk of failure)
Confirm with . or Enter, or press ? or * to list all spells.
You feel a surge of power!
Electricity surges outward!
The acid blob is struck by an electric surge.
The acid blob is severely wounded.
Magical energy flows into your mind! The acid blob spits acid at you.
The splash of acid hits you!!
You die...

#..........##.P^...#####.........
#.<.(......##.......# #.#........
##....P#....#.......######.......
##...###.....#####....## ###.....
#.....####...#.>.##....## ####...
##.....####..#...###....###.#....
#......####.#...# ##............
##......# ####J####.............
#.#.P..## #...@..###....#...#..
####....#####....###.#####..##.
##....# #.#....#######.#.###
#.#.### ###....###.##.##.###
##...##########.............
######..# ##............ #..###
##.............
##...####.#PP#....#.#..
#.....#######...######


You could see an acid blob.

Vanquished Creatures
  A lich (D:10)
  A hydra (Lair:4)
  A catoblepas (Lair:1)
  A boulder beetle (D:10)
  5 two-headed ogres
  The ghost of Superstore the Fighter, a novice DjFE of Makhleb (D:9)
  The ghost of hyungi the Covert, a journeyman SpHu of Gozag (D:10)
  Urug (D:10)
  2 skeletal warriors (D:10)
  A glowing orange brain (D:10)
  A lindwurm (Lair:3)
  A necromancer (D:10)
  A deep elf pyromancer (D:11)
  A salamander (Lair:2)
  4 cyclopes
  6 elephants
  4 black mambas
  9 cane toads
  5 komodo dragons
  2 unseen horrors
  5 rime drakes
  2 kobold demonologists
  4 merfolk (Lair:2)
  3 trolls (D:11)
  3 polar bears
  A hornet (D:7)
  A slime creature (Lair:4)
  10 blink frogs
  A vampire (D:10)
  2 wraiths (D:10)
  A shadow (D:10)
  2 wyverns (D:7)
  14 yaks
  2 basilisks (Lair:5)
  12 wargs (D:11)
  A naga (Lair:2)
  An acid dragon (D:9)
  11 water moccasins
  2 hell hounds (D:11)
  5 orc warriors
  4 sky beasts
  A black bear (D:5)
  An ice beast (D:8)
  11 wolves
  A phantom (D:4)
  7 centaurs
  7 kobold brigands
  Blork the orc (D:4)
  5 gnoll sergeants
  16 bullfrogs
  27 wights
  4 killer bees (D:9)
  9 howler monkeys
  2 jellies (D:6)
  5 hounds
  8 orc priests
  3 bombardier beetles
  6 gnoll boudas (D:11)
  4 iguanas
  A sleepcap (D:8)
  Natasha (thrice) (D:3)
  13 orc wizards
  Robin (D:3)
  21 gnolls
  6 adders
  2 shadow imps (D:6)
  A white imp (D:7)
  A ribbon worm (D:8)
  5 dart slugs
  26 orcs
  8 bats
  An endoplasm (D:1)
  5 giant cockroaches
  13 goblins
  15 hobgoblins
  14 jackals
  31 kobolds
  4 quokkas
  7 ball pythons
  4 frilled lizards
  2 rats
438 creatures vanquished.

Vanquished Creatures (others)
  A human (D:6)
  A butterfly (D:5)
2 creatures vanquished.

Grand Total: 440 creatures vanquished

Notes
Turn   | Place    | Note
-------+----------+-------------------------------------------
     0 | D:1      | Dawnplanks the Tengu Air Elementalist began the quest for
                  | the Orb.
     0 | D:1      | Reached XP level 1. HP: 10/10 MP: 4/4
   191 | D:1      | Reached XP level 2. HP: 15/15 MP: 3/6
   722 | D:1      | Reached XP level 3. HP: 19/19 MP: 4/7
  1695 | D:2      | Learned a level 2 spell: Static Discharge
  1699 | D:2      | Learned a level 3 spell: Swiftness
  1780 | D:2      | Reached skill level 5 in Air Magic
  2294 | D:3      | Noticed Natasha
  2302 | D:3      | Killed Natasha
  2303 | D:3      | Reached XP level 4. HP: 23/24 MP: 1/9
  2634 | D:3      | Reached XP level 5. HP: 28/28 MP: 0/10
  2769 | D:3      | Noticed Robin
  2813 | D:3      | Noticed Natasha
  2821 | D:3      | Killed Natasha
  2997 | D:3      | Killed Robin
  2998 | D:3      | Reached skill level 6 in Air Magic
  3167 | D:3      | Noticed Natasha
  3171 | D:3      | Killed Natasha
  3177 | D:3      | Learned a level 4 spell: Airstrike
  3383 | D:3      | Found a white marble altar of Elyvilon.
  3590 | D:4      | Found a transporter.
  3593 | D:4      | Noticed cinnamon's ghost (weakling DECj)
  3595 | D:4      | Found a transporter.
  3622 | D:4      | Found a radiant altar of Vehumet.
  3661 | D:4      | Reached XP level 6. HP: 32/32 MP: 4/12
  3831 | D:4      | Reached skill level 7 in Air Magic
  3831 | D:4      | Gained mutation: Your magical flight helps you evade
                  | attacks. (EV +4) [Tengu growth]
  3831 | D:4      | Reached XP level 7. HP: 34/36 MP: 4/14
  4128 | D:4      | You are sucked into a shaft and drop 1 floor!
  4128 | D:5      | Entered Level 5 of the Dungeon
  4263 | D:5      | Reached skill level 8 in Air Magic
  4497 | D:5      | Found Yxykhlag's Magic Scroll Shoppe.
  4503 | D:5      | Reached skill level 5 in Conjurations
  4576 | D:5      | Bought a scroll of noise for 12 gold pieces
  4576 | D:5      | Bought a scroll of identify for 24 gold pieces
  4601 | D:5      | Found a staircase to the Ecumenical Temple.
  4648 | Temple   | Entered the Ecumenical Temple
  4721 | D:5      | Reached XP level 8. HP: 41/41 MP: 11/15
  4877 | D:4      | Found a broken altar of Ashenzari.
  4879 | D:4      | Reached skill level 9 in Air Magic
  5038 | D:4      | Found a sparkling altar of Nemelex Xobeh.
  5137 | D:4      | Reached skill level 5 in Spellcasting
  5173 | D:4      | Noticed Blork the orc
  5178 | D:4      | Killed Blork the orc
  5583 | D:5      | Found a shimmering altar of Xom.
  5598 | D:5      | Found Fejagaxio's Antique Weapon Shoppe.
  5836 | D:5      | Found a sacrificial altar of Ru.
  5893 | D:5      | Found an ornate altar of the Wu Jian Council.
  5925 | D:4      | Became a worshipper of Vehumet
  6312 | D:6      | Noticed a yak
  6314 | D:6      | Killed a yak
  6315 | D:6      | Reached skill level 10 in Air Magic
  6348 | D:6      | Reached XP level 9. HP: 29/45 MP: 0/19
  6534 | D:6      | Found an ancient bone altar of Kikubaaqudgha.
  7239 | D:7      | Reached skill level 11 in Air Magic
  7362 | D:7      | Identified the +7 hand axe of Famine {heavy, rC+}
  7471 | D:7      | Found a stormy altar of Qazlal.
  7555 | D:7      | Reached * piety under Vehumet
  7555 | D:7      | Offered knowledge of Freeze by Vehumet.
  7781 | D:7      | Noticed a hornet
  7786 | D:7      | Killed a hornet
  7787 | D:7      | Reached skill level 12 in Air Magic
  8060 | D:7      | Found a glowing silver altar of Zin.
  8073 | D:7      | Reached XP level 10. HP: 50/50 MP: 13/23
  8271 | D:7      | Found a blossoming altar of Fedhas.
  8442 | D:7      | Found a transporter.
  8515 | D:7      | Noticed cpf86's ghost (novice OnSh)
  8519 | D:7      | Noticed a two-headed ogre
  8524 | D:7      | Found a transporter.
  8724 | D:8      | Reached skill level 13 in Air Magic
  8845 | D:8      | Found Nammuum's Antique Armour Shop.
  8853 | D:8      | Bought a spiked orb for 420 gold pieces
  8853 | D:8      | Identified the orb of Truth {*channel, rC+ Will+ Str-3
                  | Int+5} (You bought it in a shop on level 8 of the Dungeon)
  8929 | D:8      | Found Guidias's General Store.
  8937 | D:8      | Bought a scroll of identify for 30 gold pieces
  9037 | D:8      | Found Ipuha Kusk's Book Boutique.
  9059 | D:8      | Killed an unseen horror
  9137 | D:8      | Found a snail-covered altar of Cheibriados.
  9335 | D:8      | Found a bloodstained altar of Trog.
  9541 | D:8      | Found Koddefil's General Store.
  9716 | D:9      | Noticed a two-headed ogre
  9718 | D:9      | Noticed a two-headed ogre
  9804 | D:9      | Reached ** piety under Vehumet
  9804 | D:9      | Offered knowledge of Scorch by Vehumet.
  9859 | D:9      | Reached skill level 14 in Air Magic
  9868 | D:9      | Identified the orb of Ybadedeor {mayhem, rF- Int+7 SInv}
 10147 | D:9      | Killed a two-headed ogre
 10148 | D:9      | Reached XP level 11. HP: 55/55 MP: 4/25
 10414 | D:9      | Killed a two-headed ogre
 10415 | D:9      | Reached skill level 1 in Fighting
 10415 | D:9      | Reached skill level 10 in Spellcasting
 10465 | D:9      | Offered knowledge of Searing Ray by Vehumet.
 10469 | D:9      | Learned a level 2 spell: Searing Ray
 10480 | D:9      | Found a basalt altar of Yredelemnul.
 10516 | D:9      | Found a runed translucent door.
 10516 | D:9      | Noticed Superstore's ghost (novice DjFE)
 10724 | D:10     | Entered Level 10 of the Dungeon
 10949 | D:10     | Found a burning altar of Makhleb.
 11044 | D:10     | Found a shimmering blue altar of Sif Muna.
 11046 | D:10     | Noticed Urug
 11050 | D:10     | Killed Urug
 11051 | D:10     | Reached skill level 15 in Air Magic
 11098 | D:10     | Reached *** piety under Vehumet
 11328 | D:10     | Found a runed translucent door.
 11329 | D:10     | Identified the +0 mace of Pandemonium {flame, rF- rC+ SInv}
 11332 | D:10     | Noticed hyungi's ghost (journeyman SpHu)
 11333 | D:10     | Noticed a glowing orange brain
 11333 | D:10     | Noticed a cyclops
 11334 | D:10     | Found a runed translucent door.
 11334 | D:10     | Noticed a boulder beetle
 11334 | D:10     | Noticed a skeletal warrior
 11335 | D:10     | Noticed a lich
 11336 | D:10     | Noticed a necromancer
 11342 | D:10     | Noticed a skeletal warrior
 11695 | D:11     | Offered knowledge of Mephitic Cloud by Vehumet.
 11750 | D:11     | Found a staircase to the Lair.
 11753 | D:11     | Noticed a two-headed ogre
 11756 | D:11     | Killed a two-headed ogre
 11768 | D:11     | Noticed a two-headed ogre
 11772 | D:11     | Killed a two-headed ogre
 12035 | D:11     | Reached skill level 5 in Dodging
 12117 | D:11     | Learned a level 2 spell: Mercury Vapours
 12121 | D:11     | Learned a level 3 spell: Mephitic Cloud
 12624 | D:11     | Reached XP level 12. HP: 66/66 MP: 20/28
 12848 | D:11     | Learned a level 3 spell: Hailstorm
 12904 | D:11     | Noticed a two-headed ogre
 12923 | D:11     | Killed a two-headed ogre
 13091 | D:11     | Reached skill level 16 in Air Magic
 13132 | D:11     | Noticed a two-headed ogre
 13143 | D:11     | Reached **** piety under Vehumet
 13369 | D:11     | Offered knowledge of Lee's Rapid Deconstruction by Vehumet.
 14040 | Lair:1   | Entered Level 1 of the Lair of Beasts
 14284 | Lair:1   | Reached skill level 5 in Fighting
 14434 | Lair:1   | Noticed a catoblepas
 14443 | Lair:1   | Killed a catoblepas
 15255 | Lair:1   | Reached skill level 17 in Air Magic
 15473 | Lair:2   | Found a staircase to the Shoals.
 15506 | Lair:2   | Reached XP level 13. HP: 73/73 MP: 15/30
 15619 | Lair:2   | Found a staircase to the Snake Pit.
 16327 | Lair:2   | Gained mutation: You are strong-willed. (Will+) [potion of
                  | mutation]
 16327 | Lair:2   | Gained mutation: Your body sometimes deteriorates upon
                  | taking damage. [potion of mutation]
 16328 | Lair:2   | Lost mutation: Your body sometimes deteriorates upon taking
                  | damage. [potion of mutation]
 16328 | Lair:2   | Lost mutation: You are strong-willed. (Will+) [potion of
                  | mutation]
 16328 | Lair:2   | Gained mutation: Your mind is acute. (Int +4, Str/Dex -1)
                  | [potion of mutation]
 16328 | Lair:2   | Gained mutation: You occasionally shout uncontrollably at
                  | your foes. [potion of mutation]
 16328 | Lair:2   | Gained mutation: You possess an exceptional clarity of
                  | mind. [potion of mutation]
 16853 | Lair:3   | You are sucked into a shaft and drop 2 floors!
 16853 | Lair:5   | Entered Level 5 of the Lair of Beasts
 16956 | Lair:5   | Reached ***** piety under Vehumet
 17012 | Lair:5   | Offered knowledge of Arcjolt by Vehumet.
 17021 | Lair:5   | Learned a level 5 spell: Arcjolt
 17528 | Lair:4   | Found a runed translucent door.
 17535 | Lair:4   | Found a staircase to the Slime Pits.
 17535 | Lair:4   | Noticed an acid blob
 18429 | D:8      | Bought a staff of conjuration for 375 gold pieces
 18506 | D:9      | Killed Superstore's ghost
 18575 | D:9      | Learned a level 3 spell: Ozocubu's Armour
 18633 | D:10     | Killed hyungi's ghost
 18634 | D:10     | Reached skill level 18 in Air Magic
 18872 | D:10     | Killed a lich
 18873 | D:10     | Reached XP level 14. HP: 82/82 MP: 23/32
 18987 | D:8      | Bought a scroll of identify for 26 gold pieces
 20092 | Lair:4   | Killed from afar by an acid blob

Illustrated notes

Levels and vault maps discovered:
D:1:      shiori_arrival_maze, layout_loops_ring, dreamdust_princess_bridge,
          minmay_pentomino_u2
D:2:      layout_loops_cross
D:3:      layout_basic, mainiacjoe_overflow_alcove_4, uniq_natasha, uniq_robin
D:4:      layout_basic, nicolae_vehumet_radiance, nemelex_spade_bored_becter,
          nicolae_overflow_crystal_walls, gammafunk_ghost_mausoleum,
          kennysheep_orc_chapel, uniq_blork_the_orc
D:5:      layout_loops_ring, kennysheep_mini_moat, xom_butterflies,
          pdpol_wu_jian_five_deadly_venoms, temple_fountains, serial_shops,
          shop, shop, dreamdust_gnoll_farm
D:6:      layout_basic, tgw_kikubaaqudgha, minmay_three_doors
D:7:      layout_rooms, fedhas_ov_isle_minmay, mainiacjoe_overflow_catwalk,
          lemuel_tele_altar, gammafunk_ghost_smash
D:8:      layout_rooms, mainiacjoe_overflow_boulevard, chei_slow_surprise,
          serial_shops, nicolae_shop_behind_doors, shop,
          nicolae_shop_advertising_works [nicolae_subvault_shop_adworks],
          kennysheep_mini
D:9:      layout_rooms, overflow_temple_1_default, ebering_ghost_inner_flame
D:10:     layout_cave_pools, nicolae_sif_muna_condensation, marbit_many_paths,
          muffindrake_ghost_dual_entry, uniq_urug
D:11:     lemuel_castle_with_subvaults [lemuel_castle_interior_carwin_2],
          layout_stronghold, lair_entry_dummy, nicolae_two_hexagons
Temple:   hellmonk_temple_flake
Lair:1:   layout_chaotic_city, serial_bayou_shore_b, grunt_megastairs_2
Lair:2:   layout_chaotic_city, elwin_shoals_entry_stream,
          alex1729_snake_entry_snake
Lair:3:   layout_cave_pods
Lair:4:   layout_concentric_octagons, slime_entry_2, grunt_megastairs_3
Lair:5:   grunt_lair_end_beastmaster, layout_regular_city

Skill      XL: |  1  2  3  4  5  6  7  8  9 10 11 12 13 |
---------------+----------------------------------------+-----
Conjurations   | 2 3 4 5 6 7 8 9 |  9.7
Air Magic      | 5 6 7 8 10 12 14 15 17 18 | 18.3
Spellcasting   | 3 4 6 8 9 11 12 13 | 13.6
Dodging        | 3 5 7 8 |  8.7
Fighting       | 3 5 7 |  7.4
Stealth        | |  2.0
Ice Magic      | |  0.3
Alchemy        | |  0.7

Action                     |  1- 3 |  4- 6 |  7- 9 | 10-12 | 13-15 || total
---------------------------+-------+-------+-------+-------+-------++-------
  Melee: Dagger            |     9 |     3 |     1 |       |       ||    13
         Unarmed           |     6 |       |       |       |       ||     6
         Kick              |     5 |     1 |     3 |     5 |     9 ||    23
         Peck              |     3 |       |     4 |     3 |     4 ||    14
         Short sword       |       |       |    15 |       |       ||    15
         Hand axe          |       |       |     6 |    15 |    25 ||    46
         Staff             |       |       |       |       |     3 ||     3
   Cast: Shock             |    91 |    94 |   169 |   129 |    57 ||   540
         Static Discharge  |     2 |    14 |    22 |    44 |    13 ||    95
         Airstrike         |       |       |    53 |   220 |    97 ||   370
         Searing Ray       |       |       |       |     5 |       ||     5
         Mephitic Cloud    |       |       |       |     6 |     7 ||    13
         Mercury Vapours   |       |       |       |     2 |     1 ||     3
         Hailstorm         |       |       |       |     7 |    12 ||    19
         Arcjolt           |       |       |       |       |    34 ||    34
    Use: Scroll            |       |       |     5 |     8 |     4 ||    17
         Potion            |       |       |       |       |     4 ||     4
 Armour: Robe              |    20 |    25 |    45 |   110 |    59 ||   259
  Dodge: Dodged            |    40 |    15 |    49 |   126 |    87 ||   317

Table legend: (Time is in decaauts)
 A = Elapsed time spent in this place.
 B = Non-inter-level travel time spent in this place.
 C = Inter-level travel time spent in this place.
 D = Time resting spent in this place.
 E = Time spent auto-exploring this place.
 F = Levels seen in this place.
 G = Mean time per level.
                   A        B        C        D        E       F      G
               +--------+--------+--------+--------+--------+-----+--------+
         Total |  20149 |  19117 |   1032 |    678 |  15990 |  17 | 1185.2 |
       Dungeon |  14790 |  14061 |    729 |    576 |  11627 |  11 | 1344.5 |
        Temple |      1 |      1 |      0 |      0 |      0 |   1 |    1.0 |
          Lair |   5357 |   5054 |    303 |    102 |   4363 |   5 | 1071.4 |
               +--------+--------+--------+--------+--------+-----+--------+

Top non-repeatable levels by time:
    D:11: 2508 daAuts
     D:7: 1494 daAuts
     D:9: 1492 daAuts
     D:1: 1477 daAuts
  Lair:2: 1450 daAuts
     D:4: 1347 daAuts
  Lair:4: 1279 daAuts
     D:6: 1253 daAuts
  Lair:1: 1209 daAuts
  Lair:3: 1190 daAuts
     D:5: 1116 daAuts
     D:3: 1113 daAuts
     D:8: 1081 daAuts
    D:10: 987 daAuts
     D:2: 918 daAuts
